MWL (24 & UNDER)
CINCINNATI PRIDE @ BEMIDJI BENDERS
08/28/2025
 
TOP OF THE 1ST
Cincinnati Pride batting - Pitching for Bemidji Benders : RHP Carl Henry
Pitching: RHP Carl Henry
Batting: LHB Gerardo Guzmán 0-0: Ball
1-0: Foul Ball, location: 2F
1-1: Fly out, F8 (Flyball, 8RD)
Batting: RHB Michael Skinner 0-0: Ball
1-0: Called Strike
1-1: Foul Ball, location: 2F
1-2: Strikes out looking
Batting: LHB John Clark 0-0: Ball
1-0: Ball
2-0: Ball
3-0: Called Strike
3-1: Called Strike
3-2: Strikes out swinging
Top of the 1st over - 0 run(s), 0 hit(s), 0 error(s), 0 left on base; Cincinnati 0 - Bemidji 0
BOTTOM OF THE 1ST
Bemidji Benders batting - Pitching for Cincinnati Pride : RHP Jesús Andrade
Pitching: RHP Jesús Andrade
Batting: RHB Nick Harris 0-0: Foul Ball, location: 2F
0-1: Fly out, F8 (Flyball, 8RM)
Batting: RHB Ken McDonald 0-0: Called Strike
0-1: SINGLE (Groundball, 56S)
Batting: LHB Raúl Morales 0-0: Ball
1-0: Foul Ball, location: 2F
1-1: Fly out, F7 (Flyball, 78M)
Batting: SHB Dave Henley 0-0: SINGLE (Line Drive, 4M)
Ken McDonald to second
Batting: SHB Conan Hanson 0-0: Ball
1-0: Ball
2-0: Called Strike
2-1: Fly out, F5 (Popup, 5DF)
Bottom of the 1st over - 0 run(s), 2 hit(s), 0 error(s), 2 left on base; Cincinnati 0 - Bemidji 0
TOP OF THE 2ND
Cincinnati Pride batting - Pitching for Bemidji Benders : RHP Carl Henry
Batting: RHB Steve Meyers 0-0: Ball
1-0: Foul Ball, location: 2F
1-1: Ball
2-1: Foul Ball, location: 2F
2-2: Ball
3-2: Strikes out looking
Batting: RHB Wilson Flores 0-0: Ground out 5-3 (Groundball, 56S)
Batting: LHB Ángel Tuzzi 0-0: Ball
1-0: Foul Ball, location: 2F
1-1: Called Strike
1-2: Ball
2-2: Strikes out swinging
Top of the 2nd over - 0 run(s), 0 hit(s), 0 error(s), 0 left on base; Cincinnati 0 - Bemidji 0
BOTTOM OF THE 2ND
Bemidji Benders batting - Pitching for Cincinnati Pride : RHP Jesús Andrade
Batting: RHB Bob Carr 0-0: Ground out 6-3 (Groundball, 56)
Batting: LHB Jesús Raugel 0-0: Foul Ball, location: 2F
0-1: Ball
1-1: Ball
2-1: Fly out, F8 (Popup, 6MD)
Batting: LHB Todd Anderson 0-0: Ball
1-0: Ball
2-0: Ball
3-0: Base on Balls
Batting: RHB Roberto Solís 0-0: Ball
1-0: Ball
Todd Anderson steals 2nd base
2-0: Fly out, F9 (Flyball, 89M)
Bottom of the 2nd over - 0 run(s), 0 hit(s), 0 error(s), 1 left on base; Cincinnati 0 - Bemidji 0
TOP OF THE 3RD
Cincinnati Pride batting - Pitching for Bemidji Benders : RHP Carl Henry
Batting: RHB Randy Simons 0-0: Ball
1-0: Ball
2-0: Ball
3-0: Called Strike
3-1: Base on Balls
Batting: RHB Micheal Banks 0-0: Swinging Strike
0-1: Foul Ball, location: 2F
0-2: Strikes out swinging
Batting: RHB Bartolo Montero 0-0: Foul Ball, location: 2F
0-1: Swinging Strike
0-2: Ball
1-2: Ball
2-2: Ball
3-2: Foul Ball, location: 2F
3-2: Fly out, F8 (Flyball, 8RD)
Runner from 1st tags up, SAFE at 2nd
Batting: LHB Gerardo Guzmán 0-0: Ball
1-0: Foul Ball, location: 2F
1-1: Called Strike
1-2: Ball
2-2: Strikes out swinging
Top of the 3rd over - 0 run(s), 0 hit(s), 0 error(s), 1 left on base; Cincinnati 0 - Bemidji 0
BOTTOM OF THE 3RD
Bemidji Benders batting - Pitching for Cincinnati Pride : RHP Jesús Andrade
Batting: RHB Nick Harris 0-0: Called Strike
0-1: Fly out, F7 (Flyball, 7M)
Batting: RHB Ken McDonald 0-0: SINGLE (Flyball, 9LS)
Batting: LHB Raúl Morales 0-0: Called Strike
0-1: Ball
1-1: Called Strike
1-2: Strikes out swinging
Batting: SHB Dave Henley 0-0: Called Strike
0-1: Ball
1-1: Ball
2-1: Swinging Strike
2-2: Strikes out swinging
Bottom of the 3rd over - 0 run(s), 1 hit(s), 0 error(s), 1 left on base; Cincinnati 0 - Bemidji 0
TOP OF THE 4TH
Cincinnati Pride batting - Pitching for Bemidji Benders : RHP Carl Henry
Batting: RHB Michael Skinner 0-0: Ball
1-0: Called Strike
1-1: Ball
2-1: Fly out, F8 (Flyball, 8RM)
Batting: LHB John Clark 0-0: Fly out, F5 (Popup, 5F)
Batting: RHB Steve Meyers 0-0: Ball
1-0: Called Strike
1-1: Foul Ball, location: 2F
1-2: Strikes out swinging
Top of the 4th over - 0 run(s), 0 hit(s), 0 error(s), 0 left on base; Cincinnati 0 - Bemidji 0
BOTTOM OF THE 4TH
Bemidji Benders batting - Pitching for Cincinnati Pride : RHP Jesús Andrade
Batting: SHB Conan Hanson 0-0: Called Strike
0-1: Ball
1-1: Ball
2-1: Ground out 4-3 (Groundball, 4)
Batting: RHB Bob Carr 0-0: Foul Ball, location: 2F
0-1: Swinging Strike
0-2: Ball
1-2: SINGLE (Line Drive, 78S)
Batting: LHB Jesús Raugel 0-0: Ball
1-0: Ball
2-0: Called Strike
2-1: Ball
3-1: Foul Ball, location: 2F
3-2: Base on Balls
Bob Carr to second
Batting: LHB Todd Anderson 0-0: Ball
1-0: SINGLE (Groundball, 34S)
Bob Carr to third
Jesús Raugel to second
Batting: RHB Roberto Solís 0-0: Ball
1-0: Ball
2-0: Ball
3-0: Base on Balls
Bob Carr scores
Jesús Raugel to third
Todd Anderson to second
Batting: RHB Nick Harris 0-0: Ball
1-0: Called Strike
1-1: Called Strike
1-2: Strikes out swinging
Batting: RHB Ken McDonald 0-0: Ball
1-0: Called Strike
1-1: Ball
2-1: Ball
3-1: Foul Ball, location: 2F
3-2: Foul Ball, location: 2F
3-2: Strikes out swinging
Bottom of the 4th over - 1 run(s), 2 hit(s), 0 error(s), 3 left on base; Cincinnati 0 - Bemidji 1
TOP OF THE 5TH
Cincinnati Pride batting - Pitching for Bemidji Benders : RHP Carl Henry
Batting: RHB Wilson Flores 0-0: Called Strike
0-1: Called Strike
0-2: Strikes out swinging
Batting: LHB Ángel Tuzzi 0-0: Foul Ball, location: 2F
0-1: Ball
1-1: Foul Ball, location: 2F
1-2: Strikes out swinging
Batting: RHB Randy Simons 0-0: Foul Ball, location: 2F
0-1: Called Strike
0-2: Foul Ball, location: 2F
0-2: SOLO HOME RUN (Flyball, 78XD), Distance : 373 ft
Batting: RHB Micheal Banks 0-0: Called Strike
0-1: Ball
1-1: Swinging Strike
1-2: Ball
2-2: Foul Ball, location: 2F
2-2: Ball
3-2: Strikes out swinging
Top of the 5th over - 1 run(s), 1 hit(s), 0 error(s), 0 left on base; Cincinnati 1 - Bemidji 1
BOTTOM OF THE 5TH
Bemidji Benders batting - Pitching for Cincinnati Pride : RHP Jesús Andrade
Batting: LHB Raúl Morales 0-0: Ball
1-0: Swinging Strike
1-1: Foul Ball, location: 2F
1-2: Strikes out swinging
Batting: SHB Dave Henley 0-0: Called Strike
0-1: Swinging Strike
0-2: Fly out, F6 (Popup, 6D)
Batting: SHB Conan Hanson 0-0: Ball
1-0: Ball
2-0: Ball
3-0: Called Strike
3-1: Base on Balls
Batting: RHB Bob Carr 0-0: Called Strike
0-1: Ball
1-1: Ground out 1-3 (Groundball, 15S)
Bottom of the 5th over - 0 run(s), 0 hit(s), 0 error(s), 1 left on base; Cincinnati 1 - Bemidji 1
TOP OF THE 6TH
Cincinnati Pride batting - Pitching for Bemidji Benders : RHP Carl Henry
Batting: RHB Bartolo Montero 0-0: Foul Ball, location: 2F
0-1: Ball
1-1: Foul Ball, location: 2F
1-2: Ball
2-2: Foul Ball, location: 2F
2-2: Strikes out swinging
Batting: LHB Gerardo Guzmán 0-0: Called Strike
0-1: Foul Ball, location: 2F
0-2: Foul Ball, location: 2F
0-2: Strikes out swinging
Batting: RHB Michael Skinner 0-0: Ball
1-0: Ball
2-0: Ball
3-0: Called Strike
3-1: Base on Balls
Pitching: RHP Ambrose Palmer
Batting: LHB John Clark 0-0: Called Strike
0-1: Ball
1-1: SINGLE (Line Drive, 3D)
Michael Skinner to second
Runner from 2nd tries for 3rd, OUT!
Top of the 6th over - 0 run(s), 1 hit(s), 0 error(s), 1 left on base; Cincinnati 1 - Bemidji 1
BOTTOM OF THE 6TH
Bemidji Benders batting - Pitching for Cincinnati Pride : RHP Jesús Andrade
Batting: LHB Jesús Raugel 0-0: Fly out, F9 (Flyball, 9S)
Batting: LHB Todd Anderson 0-0: Ball
1-0: Ball
2-0: Foul Ball, location: 2F
2-1: Ball
3-1: Base on Balls
Pitching: RHP Gonzalo Benetti
Batting: RHB Roberto Solís 0-0: Ball
Todd Anderson steals 2nd base
1-0: Ball
2-0: Foul Ball, location: 2F
2-1: Foul Ball, location: 2F
2-2: Strikes out swinging
Batting: RHB Nick Harris 0-0: Called Strike
0-1: Swinging Strike
0-2: Strikes out swinging
Bottom of the 6th over - 0 run(s), 0 hit(s), 0 error(s), 1 left on base; Cincinnati 1 - Bemidji 1
TOP OF THE 7TH
Cincinnati Pride batting - Pitching for Bemidji Benders : RHP Ambrose Palmer
Pinch Hitting: LHB Iván Vázquez 0-0: Hit by Pitch
Pinch Hitting: LHB Marvin Morris 0-0: Ball
1-0: Ball
2-0: Ball
3-0: Ground out 4-3 (Groundball, 4M)
Iván Vázquez to second
Pitching: LHP Pedro González
Batting: LHB Ángel Tuzzi 0-0: Ball
1-0: Foul Ball, location: 2F
1-1: Foul Ball, location: 2F
1-2: Foul Ball, location: 2F
1-2: Fly out, F8 (Flyball, 8LM)
Pitching: RHP Travis Davis
Batting: RHB Randy Simons 0-0: Ball
1-0: Ball
2-0: Ball
3-0: Called Strike
3-1: Ground out 5-3 (Groundball, 5)
Top of the 7th over - 0 run(s), 0 hit(s), 0 error(s), 1 left on base; Cincinnati 1 - Bemidji 1
BOTTOM OF THE 7TH
Bemidji Benders batting - Pitching for Cincinnati Pride : RHP Gonzalo Benetti
Now at 2B: Juan Martínez
Now at 3B: Álex Hernández
Batting: RHB Ken McDonald 0-0: Called Strike
0-1: Ground out 4-3 (Groundball, 4)
Batting: LHB Raúl Morales 0-0: Called Strike
0-1: DOUBLE (Flyball, 78XD)
Batting: SHB Dave Henley 0-0: Ground out 6-3 (Groundball, 6)
Pinch Hitting: LHB Tony O'Bryan 0-0: Foul Ball, location: 2F
0-1: Ground out 3-1 (Groundball, 34)
Bottom of the 7th over - 0 run(s), 1 hit(s), 0 error(s), 1 left on base; Cincinnati 1 - Bemidji 1
TOP OF THE 8TH
Cincinnati Pride batting - Pitching for Bemidji Benders : RHP Travis Davis
Now at SS: Ramón Padilla
Pinch Hitting: LHB Wes Stone 0-0: Foul Ball, location: 2F
0-1: Foul Ball, location: 2F
0-2: SINGLE (Flyball, 8RS)
Batting: RHB Bartolo Montero 0-0: Hit by Pitch
Wes Stone to second
Batting: LHB Gerardo Guzmán 0-0: Sac Bunt - play at first, batter OUT! 2-4
Wes Stone to third
Bartolo Montero to second
Batting: RHB Michael Skinner 0-0: Intentional Walk
Pinch Hitting: SHB Larry Peterson 0-0: Called Strike
0-1: Ball
1-1: Foul Ball, location: 2F
1-2: Fly out, F6 (Popup, 6D)
Batting: RHB Juan Martínez 0-0: Ball
1-0: Ball
2-0: Ball
3-0: Called Strike
3-1: Fielders Choice at 2nd, 5-4 (Groundball, 56)
Top of the 8th over - 0 run(s), 1 hit(s), 0 error(s), 2 left on base; Cincinnati 1 - Bemidji 1
BOTTOM OF THE 8TH
Bemidji Benders batting - Pitching for Cincinnati Pride : RHP Gonzalo Benetti
Now at 1B: Carl Hayden
Now in LF: Wes Stone
Batting: RHB Bob Carr 0-0: Called Strike
0-1: Called Strike
0-2: Ball
1-2: Strikes out looking
Pitching: LHP Halewijn Tipping
Batting: LHB Jesús Raugel 0-0: Ball
1-0: Fly out, F8 (Flyball, 89XD)
Batting: LHB Todd Anderson 0-0: Called Strike
0-1: Ground out 3-1 (Groundball, 34)
Bottom of the 8th over - 0 run(s), 0 hit(s), 0 error(s), 0 left on base; Cincinnati 1 - Bemidji 1
TOP OF THE 9TH
Cincinnati Pride batting - Pitching for Bemidji Benders : RHP Travis Davis
Pitching: RHP Sixto Santiago
Batting: RHB Álex Hernández 0-0: Ground out 4-3 (Groundball, 34)
Batting: LHB Ángel Tuzzi 0-0: Ball
1-0: Ball
2-0: Called Strike
2-1: Ball
3-1: Ground out 4-3 (Groundball, 4)
Batting: RHB Randy Simons 0-0: Swinging Strike
0-1: Ball
1-1: Fly out, F9 (Flyball, 9D)
Top of the 9th over - 0 run(s), 0 hit(s), 0 error(s), 0 left on base; Cincinnati 1 - Bemidji 1
BOTTOM OF THE 9TH
Bemidji Benders batting - Pitching for Cincinnati Pride : LHP Halewijn Tipping
Pitching: RHP Fernando Silva
Pinch Hitting: LHB Bruce Foster 0-0: Ball
1-0: Called Strike
1-1: Ball
2-1: Ball
3-1: Base on Balls
Batting: RHB Nick Harris 0-0: Ball
1-0: Bunt missed!
1-1: Sac Bunt - play at first, batter OUT! 3-4
Bruce Foster to second
Batting: RHB Ken McDonald 0-0: Ball
1-0: Foul Ball, location: 2F
1-1: Ball
2-1: Ball
3-1: Base on Balls
Batting: LHB Raúl Morales 0-0: Called Strike
0-1: Called Strike
0-2: Ball
1-2: Ball
2-2: Strikes out swinging
Batting: SHB Dave Henley 0-0: Ball
1-0: Called Strike
1-1: SINGLE (Groundball, 56D)
Bruce Foster to third
Ken McDonald to second
Runner from 3rd tries for Home, SAFE, no throw or cutoff
This league is powered by Out of the Park Baseball, the baseball management simulation game for PC, Mac and Linux
Tuesday, August 2nd, 2016 - OOTP Baseball 16.8 Build 38